 Dungeon Crawl Stone Soup version 0.24.0 (webtiles) character file.

Game seed: 16450366496581994529, levelgen mode: deterministic

2846 Ayyar the Skirmisher (level 10, -3/77 HPs)
             Began as a Formicid Abyssal Knight on July 13, 2020.
             Was an Elder of Lugonu.
             Hit by a boomerang thrown by an orc warrior (14 damage)
             ... on level 7 of the Dungeon.
             The game lasted 00:36:18 (9502 turns).

Ayyar the Skirmisher (Formicid Abyssal Knight)      Turns: 9502, Time: 00:36:18

Health: -3/77      AC: 11    Str: 20    XL:     10   Next: 4%
Magic:  14/14      EV:  9    Int: 12    God:    Lugonu [****..]
Gold:   514        SH:  0    Dex: 10    Spells: 9/9 levels left

rFire    + + .     SeeInvis +   a - +1 spear
rCold    . . .     Gourm    .   (no shield)
rNeg     . . .     Faith    +   x - +1 chain mail {rF+}
rPois    .         Spirit   .   (helmet unavailable)
rElec    .         Reflect  .   (no cloak)
rCorr    .         Harm     .   (no gloves)
MR       +....                  (no boots)
Stlth    ..........             n - amulet of faith
HPRegen  0.22/turn              e - ring of protection from fire
MPRegen  0.14/turn              (no ring)

@: no status effects
A: permanent stasis, dig shafts and tunnels, four strong arms, antennae 3
a: Dig, Shaft Self, Depart the Abyss, Bend Space, Banish, Corrupt, Renounce
Religion


You were on level 7 of the Dungeon.
You worshipped Lugonu.
Lugonu was greatly pleased with you.
You were not hungry.

You visited 1 branch of the dungeon, and saw 7 of its levels.
You visited the Abyss 1 time.

You collected 514 gold pieces.

Inventory:

Hand Weapons
 a - a +1 spear (weapon)
 u - a +0 halberd
Missiles
 b - 6 curare-tipped darts
 k - 19 poisoned darts (quivered)
 D - 8 boomerangs
Armour
 x - a +1 chain mail of fire resistance (worn)
Jewellery
 e - a ring of protection from fire (left hand)
 l - a +3 amulet of reflection {unknown}
 n - an amulet of faith (around neck)
 t - an uncursed ring of ice
Wands
 E - a wand of acid (5)
Scrolls
 d - 3 scrolls of enchant weapon
 f - 2 scrolls of immolation {unknown}
 i - a scroll of random uselessness {unknown}
 j - a scroll of amnesia {unknown}
 p - 2 scrolls of magic mapping {unknown}
 r - a scroll of brand weapon {unknown}
 s - 4 scrolls of remove curse
 y - 3 scrolls of enchant armour
 z - a scroll of blinking {unknown}
Potions
 h - a potion of might {unknown}
 m - 2 potions of magic {unknown}
 q - a potion of ambrosia {unknown}
 v - a potion of mutation {unknown}
 w - a potion of lignification {unknown}
 A - a potion of brilliance {unknown}
 B - a potion of cancellation {unknown}
 F - a potion of flight {unknown}
Comestibles
 c - 20 rations
 g - 11 chunks of flesh


   Skills:
 + Level 6.7 Fighting
 * Level 6.2 Polearms
 + Level 4.5 Throwing
 + Level 6.2 Armour
 + Level 4.8 Dodging
 + Level 6.6 Invocations
 + Level 0.0 Evocations


You had 9 spell levels left.
You didn't know any spells.
Your spell library contained the following spells:

 Spells                   Type           Power        Failure   Level  Hunger
 Corona                   Hex            #......      96%         1    ##.....
 Ensorcelled Hibernation  Hex/Ice        #.....       99%         2    ###....
 Confuse                  Hex            #.......     100%        3    ####...
 Dazzling Spray           Conj/Hex       #.....       100%        3    ####...
 Tukima's Dance           Hex            #.......     100%        3    ####...


Dungeon Overview and Level Annotations

Branches:
Dungeon (7/15)             Temple (0/1) D:5

Altars:
Elyvilon
Fedhas
Ru
Uskayaw
Wu Jian
Xom
Yredelemnul
Zin

Shops:
D:6 :

Annotations:
Abyss:1 Edmund


Innate Abilities, Weirdness & Mutations

You cannot be hasted, slowed, berserked, paralysed or teleported.
You can dig through walls and to a lower floor.
Your four strong arms can wield two-handed weapons with a shield.
You have a pair of large antennae on your head. (SInv)


Message History

You throw a poisoned dart.
The poisoned dart barely misses the orc warrior.
The orc warrior hits you from afar with a +0 trident!
* * * LOW HITPOINT WARNING * * *
The orc warrior throws a boomerang.
The boomerang hits you but does no damage.
The weapon returns to the orc warrior!
Throwing (i - inventory. (/) - cycle)
k - 20 poisoned darts (quivered)
Press: ? - help, Shift-Dir - straight line, f/p - orc warrior
Aim: an orc warrior, wielding a +0 trident and wearing a +0 plate armour (lightly wounded, poisoned)
You throw a poisoned dart.
The poisoned dart closely misses the orc warrior.
The orc warrior throws a boomerang.
The boomerang barely misses you.
The weapon returns to the orc warrior!
The orc warrior looks more healthy.
The orc warrior throws a boomerang.
The boomerang hits you.
* * * LOW HITPOINT WARNING * * *
The weapon returns to the orc warrior!
The orc warrior throws a boomerang.
The boomerang hits you!
You die...

.......#............##.# #
...###.#.###........().####
##
.......#..................#
#.
....#.....#......##.#.....#
#.
....#.###.#.###.(##.....>.#
#.
....#.....#......####.....#
##
.......#.....#...####.....#
#
#..###.#[###.#.........####
# #......#.....#..@#######
###### #...#..(..#......##
#..... #..
#.###.#.###...### #.#### ..
#. ).#.........# #<# # ..
#.....#....#.# #.# ###
#.###.#...##o# #.# #.
...#...##.########.# ..
#.......(..........# ##
#.###..##.##########


You could see an orc warrior.

Vanquished Creatures
  An unseen horror (D:7)
  Prince Ribbit (D:7)
  A hippogriff (D:7)
  Duvessa (D:5)
  An orc warrior (D:7)
  A black bear (D:6)
  A sky beast (D:5)
  An ogre (D:4)
  A big kobold (D:7)
  Dowan (D:5)
  3 scorpions
  A howler monkey (D:4)
  A crimson imp (D:5)
  6 hounds
  7 orc priests
  9 orc wizards
  A bullfrog skeleton (D:6)
  A centaur skeleton (D:4)
  An iguana (D:5)
  Jessica (D:3)
  5 worker ants
  A hound skeleton (D:6)
  A howler monkey zombie (D:5)
  3 gnolls (D:4)
  6 adders
  2 shadow imps (D:5)
  2 oozes
  7 worms
  2 dart slugs
  6 leopard geckos
  29 orcs
  6 bats
  4 giant cockroaches
  6 hobgoblins
  4 jackals (D:6)
  10 kobolds
  4 quokkas
  2 ball pythons
  4 frilled lizards
  8 goblins
  6 rats
159 creatures vanquished.

Notes
Turn   | Place    | Note
-------+----------+-------------------------------------------
     0 | Abyss:1  | Ayyar the Formicid Abyssal Knight began the quest for the
                  | Orb.
     0 | Abyss:1  | Reached XP level 1. HP: 18/18 MP: 2/2
     5 | Abyss:1  | Found a corrupted altar of Lugonu.
    81 | Abyss:1  | Noticed a ynoxinul
   148 | Abyss:1  | Noticed an orc sorcerer
   151 | D:1      | Escaped the Abyss
   262 | D:1      | Reached skill level 1 in Dodging
   386 | D:1      | Reached XP level 2. HP: 20/24 MP: 3/3
   727 | D:1      | Reached * piety under Lugonu
   965 | D:1      | Reached XP level 3. HP: 29/29 MP: 4/4
  2092 | D:2      | Reached XP level 4. HP: 37/37 MP: 6/6
  3114 | D:3      | Reached ** piety under Lugonu
  3386 | D:3      | Noticed Jessica
  3389 | D:3      | Found a hide-covered altar of Uskayaw.
  3407 | D:3      | Killed Jessica
  3407 | D:3      | Reached XP level 5. HP: 37/42 MP: 7/7
  3784 | D:3      | Found a shimmering altar of Xom.
  3784 | D:3      | Found a glowing silver altar of Zin.
  3784 | D:3      | Noticed an angel
  3808 | D:3      | Found a blossoming altar of Fedhas.
  3868 | D:3      | Found a basalt altar of Yredelemnul.
  3868 | D:3      | Found an ornate altar of the Wu Jian Council.
  4066 | D:4      | Reached XP level 6. HP: 47/48 MP: 8/8
  4086 | D:4      | Noticed an ogre
  4101 | D:4      | Killed an ogre
  4101 | D:4      | Reached skill level 1 in Throwing
  4341 | D:4      | Reached XP level 7. HP: 39/55 MP: 10/10
  5732 | D:4      | Reached *** piety under Lugonu
  6003 | D:5      | Entered Level 5 of the Dungeon
  6003 | D:5      | Noticed Edmund
  6021 | D:4      | Banished Edmund
  6038 | D:4      | Reached skill level 5 in Fighting
  6154 | D:4      | Reached XP level 8. HP: 42/62 MP: 11/11
  6747 | D:4      | Reached skill level 5 in Invocations
  7253 | D:5      | Found a staircase to the Ecumenical Temple.
  7330 | D:5      | Reached skill level 5 in Armour
  7349 | D:5      | Found a white marble altar of Elyvilon.
  7507 | D:5      | Noticed Duvessa
  7508 | D:5      | Noticed Dowan
  7524 | D:5      | Killed Duvessa
  7557 | D:5      | Killed Dowan
  7768 | D:6      | Reached XP level 9. HP: 69/69 MP: 13/13
  8028 | D:6      | Found Dummoiru's Book Emporium.
  8092 | D:6      | Reached **** piety under Lugonu
  8147 | D:6      | Found a sacrificial altar of Ru.
  8338 | D:6      | Reached skill level 5 in Polearms
  8733 | D:7      | Noticed Prince Ribbit
  8745 | D:7      | Killed Prince Ribbit
  8768 | D:7      | Noticed a hippogriff
  8776 | D:7      | Noticed an unseen horror
  8803 | D:7      | Killed an unseen horror
  8830 | D:7      | Killed a hippogriff
  8897 | D:7      | Reached XP level 10. HP: 9/77 MP: 14/14
  9502 | D:7      | Hit by a boomerang thrown by an orc warrior

Levels and vault maps discovered:
D:1:      eino_arrival_cavern_a, layout_loops_ring,
          wander_ebering_terrifying_dragon_lair
D:2:      layout_loops_cross, first_ration
D:3:      layout_rooms, grunt_temple_overflow_order_and_chaos_1,
          old_standard_altar, eat_drink_and_be_merry_uskayaw,
          gammafunk_temple_overflow_elements, hangedman_decor_diamond_cutter,
          uniq_jessica
D:4:      layout_basic
D:5:      layout_rooms, old_standard_altar, minmay_temple_entry_arrows,
          uniq_edmund, uniq_duvessa
D:6:      black_bear_nest_2, layout_rooms, serial_shops,
          nicolae_shop_waterfront, minmay_misc_feat_diagonals,
          nicolae_ru_great_annihilating_truth
D:7:      hangedman_cross_stitches, layout_loops_cross,
          grunt_dithmenos_smoke_and_mirrors, serial_shops, kennysheep_mini_moat,
          basic_altar, uniq_prince_ribbit1
